 Dungeon Sprint DCSS version 0.24-a0-130-ga3c21ff (webtiles) character file.

Game seed: 9543170615802330462

3792 Faca the Impaler (level 10, -14/91 HPs)
             Began as a Merfolk Gladiator on Feb 27, 2019.
             Was a High Priest of the Shining One.
             Killed from afar by Afontemiug the pandemonium lord (105 damage)
             ... with a crystal spear
             ... in the Dungeon (Sprint V: "Ziggurat Sprint").
             The game lasted 00:05:01 (495 turns).

Faca the Impaler (Merfolk Gladiator)                 Turns: 495, Time: 00:05:01

Health: -14/91     AC:  9    Str: 16    XL:     10   Next: 16%
Magic:  9/17       EV: 21    Int:  7    God:    the Shining One [*****.]
Gold:   0          SH: 15    Dex: 24    Spells: 9/9 levels left

rFire    + . .     SeeInvis .   I - +8 lance "Wyrmbane" {slay drac, rPois rF+ rC+ AC+3}
rCold    + . .     Gourm    .   m - +3 shield
rNeg     + + .     Faith    .   a - +0 ring mail
rPois    +         Spirit   .   c - +0 helmet
rElec    .         Reflect  .   (no cloak)
rCorr    .         Harm     .   (no gloves)
MR       +....     NoTele   +   (no boots)
Stlth    +.........             (no amulet)
HPRegen  0.25/turn              z - +6 ring of dexterity
MPRegen  0.15/turn              t - ring of protection from magic

@: glowing
A: change form in water, swift swim, stealthy swim, screaming 1
a: Divine Shield, Cleansing Flame, Summon Divine Warrior, Renounce Religion


You were in the Dungeon.
You worshipped the Shining One.
The Shining One was extremely pleased with you.
You were not hungry.

You visited 1 branch

Inventory:

Hand Weapons
 b - a +4 trident of protection
 I - the +8 lance "Wyrmbane" (weapon) {slay drac, rPois rF+ rC+ AC+3}
   (You found it in the Dungeon)

   It affects your AC (+3).
   It protects you from fire.
   It protects you from cold.
   It protects you from poison.
 J - a +5 demon trident
Missiles
 d - 2 throwing nets (quivered)
Armour
 a - a +0 ring mail (worn)
 c - a +0 helmet (worn)
 l - a +3 large shield
 m - a +3 shield (worn)
 K - +5 shadow dragon scales
 L - +5 storm dragon scales
Jewellery
 t - a ring of protection from magic (right hand)
 z - a +6 ring of dexterity (left hand)
 D - a +6 ring of strength
Wands
 F - a wand of disintegration (7)
 G - a wand of iceblast (7)
 H - a wand of acid (7)
Scrolls
 k - 4 scrolls of blinking
 u - 7 scrolls of fog
 v - a scroll of holy word
 w - 5 scrolls of identify
 x - 5 scrolls of remove curse
 y - 2 scrolls of fear
Potions
 e - 8 potions of curing
 g - 2 potions of heal wounds
 h - 6 potions of haste
 i - 7 potions of magic
 j - 3 potions of berserk rage
 n - 2 potions of brilliance
 p - 4 potions of resistance
 r - 5 potions of agility
 s - 5 potions of might
Miscellaneous
 o - a phantom mirror
Comestibles
 f - 7 rations
 q - 3 chunks of flesh


   Skills:
 + Level 12.7 Fighting
 + Level 16.1 Polearms
 + Level 4.9 Throwing
 + Level 12.5 Dodging
 + Level 9.2 Shields
 + Level 10.0 Invocations


You had 9 spell levels left.
You didn't know any spells.
Your spell library was empty.

Dungeon Overview and Level Annotations

Branches:
Dungeon (1/1)

Altars:
Ashenzari
Cheibriados
Dithmenos
Elyvilon
Fedhas
Gozag
Hepliaklqana
Kikubaaqudgha
Makhleb
Nemelex Xobeh
Okawaru
Qazlal
Ru
Sif Muna
Trog
Uskayaw
Vehumet
Wu Jian
Xom
Yredelemnul
Zin
The Shining One
Beogh
Jiyva
Lugonu


Innate Abilities, Weirdness & Mutations

You revert to your normal form in water You are very nimble and swift while swimming.
You are very stealthy in the water. (Stealth+)
You occasionally shout uncontrollably at your foes.


Message History

The neqoxec gestures at you.
Strange energies course through your body.
You feel the urge to shout.
Found five items.
Unknown command.
Okay, then.
You fail to use your ability.
You fail to use your ability.
The neqoxec gestures.
You are momentarily dazzled by a brilliant light.
You feel somewhat more hungry.
Attack whom?
Press: ? - help, Dir - move target cursor, f - Afontemiug
Aim: Afontemiug (haloed)
You reach to attack!
You hit Afontemiug.
Afontemiug is lightly wounded.
Afontemiug gestures at you. The crystal spear hits you!!!!
Ouch! That really hurt!
You die...

▓..""...▓
▓..)53..▓
▓..54...▓
▓.......▓
▓.5.5...▓
..5&...
▓.▓...▓.▓
▓.A.@...▓
▓▓▓▓▓▓▓▓▓


You could see Afontemiug, a neqoxec, a red devil, 2 quasits, a crimson imp, a
white imp, a shadow imp and a friendly angel.

Vanquished Creatures
  A dancing weapon (D)
  2 deep elf archers (D)
  4 deep elf magi (D)
  A yak (D)
  A fire elemental (D)
  A water moccasin (D)
  2 bullfrogs (D)
  2 scorpions (D)
  2 adders (D)
  2 ball pythons (D)
18 creatures vanquished.

Vanquished Creatures (others)
  A spatial maelstrom (D)
  Maurice (D)
  Edmund (D)
3 creatures vanquished.

Grand Total: 21 creatures vanquished

Notes
Turn   | Place    | Note
-------+----------+-------------------------------------------
     0 | D        | Found the +6 Majin-Bo {vamp, Archmagi MP+6 Int+6}
     0 | D        | Found the +7 great mace "Firestarter" {inner flame, rF++}
     0 | D        | Faca the Merfolk Gladiator began the quest for the Orb.
     0 | D        | Reached XP level 1. HP: 16/16 MP: 1/1
     2 | D        | Found a blossoming altar of Fedhas.
     3 | D        | Found a viscous altar of Jiyva.
     3 | D        | Found a hazy altar of Hepliaklqana.
     3 | D        | Found a transporter.
     3 | D        | Found an opulent altar of Gozag.
     3 | D        | Found an ancient bone altar of Kikubaaqudgha.
     3 | D        | Found a corrupted altar of Lugonu.
     9 | D        | Banished a spatial maelstrom
    13 | D        | Found a deep blue altar of Sif Muna.
    13 | D        | Found a sacrificial altar of Ru.
    13 | D        | Found a bloodstained altar of Trog.
    13 | D        | Found a stormy altar of Qazlal.
    13 | D        | Found an iron altar of Okawaru.
    13 | D        | Found a sparkling altar of Nemelex Xobeh.
    15 | D        | Found a burning altar of Makhleb.
    32 | D        | Found the +6 shillelagh "Devastator" {shatter}
    32 | D        | Found the +11 plutonium sword {*Contam Stlth-}
    32 | D        | Found the +8 lance "Wyrmbane" {slay drac, rPois rF+ rC+
                  | AC+3}
    32 | D        | Found the +9 sword of Zonguldrok {reap}
    32 | D        | Found the cursed +13 scythe of Curses {drain, *Curse}
    32 | D        | Found the +0 sword of Power
    32 | D        | Found the +7 mace of Variability {chain chaos}
    32 | D        | Found the +7 Singing Sword {slice, sonic wave}
    60 | D        | Became a worshipper of the Shining One
    70 | D        | Reached skill level 8 in Polearms
    70 | D        | Reached XP level 2. HP: 28/28 MP: 2/2
    82 | D        | Entered arena 2.
    82 | D        | Noticed a scorpion
    82 | D        | Noticed a scorpion
    82 | D        | Found a transporter.
    84 | D        | Killed a scorpion
    84 | D        | Reached skill level 10 in Polearms
    84 | D        | Reached XP level 3. HP: 36/36 MP: 3/3
    84 | D        | Reached XP level 4. HP: 43/43 MP: 4/4
    88 | D        | Reached skill level 11 in Polearms
    94 | D        | Entered arena 3.
    94 | D        | Noticed a bullfrog
    94 | D        | Noticed a yak
    94 | D        | Reached * piety under the Shining One
    94 | D        | Noticed a bullfrog
    94 | D        | Found a transporter.
    97 | D        | Killed a bullfrog
    97 | D        | Reached skill level 5 in Dodging
    97 | D        | Reached XP level 5. HP: 51/51 MP: 4/6
   101 | D        | Reached skill level 12 in Polearms
   101 | D        | Reached XP level 6. HP: 58/58 MP: 4/8
   107 | D        | Killed a yak
   121 | D        | Entered arena 4.
   121 | D        | Noticed a deep elf archer
   121 | D        | Noticed a deep elf mage
   121 | D        | Noticed a deep elf archer
   121 | D        | Reached ** piety under the Shining One
   121 | D        | Noticed a deep elf mage
   121 | D        | Found a transporter.
   133 | D        | Killed a deep elf mage
   133 | D        | Reached skill level 10 in Fighting
   133 | D        | Reached skill level 13 in Polearms
   133 | D        | Reached skill level 5 in Shields
   133 | D        | Reached XP level 7. HP: 49/67 MP: 7/11
   139 | D        | Killed Edmund
   145 | D        | Killed a deep elf mage
   145 | D        | Reached skill level 14 in Polearms
   145 | D        | Reached XP level 8. HP: 28/75 MP: 8/13
   162 | D        | Killed a deep elf archer
   162 | D        | Reached skill level 10 in Dodging
   162 | D        | Reached XP level 9. HP: 26/81 MP: 11/15
   171 | D        | Killed a deep elf archer
   171 | D        | Reached skill level 15 in Polearms
   213 | D        | Killed Maurice
   407 | D        | Entered arena 5.
   407 | D        | Noticed a deep elf mage
   407 | D        | Noticed a +4 trident of protection
   407 | D        | Noticed a deep elf mage
   407 | D        | Reached *** piety under the Shining One
   407 | D        | Found a transporter.
   410 | D        | Killed a +4 trident of protection
   420 | D        | Killed a deep elf mage
   420 | D        | Reached XP level 10. HP: 81/90 MP: 15/17
   425 | D        | Killed a deep elf mage
   425 | D        | Reached skill level 16 in Polearms
   464 | D        | Entered arena 6.
   464 | D        | Found a transporter.
   467 | D        | Reached skill level 10 in Invocations
   491 | D        | Entered arena 7.
   491 | D        | Reached **** piety under the Shining One
   491 | D        | Noticed Afontemiug the pandemonium lord
   491 | D        | Reached ***** piety under the Shining One
   491 | D        | Gained mutation: You occasionally shout uncontrollably at
                  | your foes. [a neqoxec]
   492 | D        | Found the +5 scythe "Finisher" {speed, eviscerate}
   495 | D        | Killed from afar by Afontemiug the pandemonium lord

Levels and vault maps discovered:
D:        sprint_v [room_start, room_1, room_2, room_3, room_4, room_5, room_6,
          room_7, room_8, room_9, room_10, room_11, room_12, room_13, room_14,
          room_15, room_16, room_17, room_18, room_19, room_20, room_21,
          room_22, room_23, room_24, room_25, room_26, room_27]

Skill      XL: |  1  2  3  4  5  6  7  8  9 10 |
---------------+-------------------------------+-----
Fighting       | 6 7 8 9 10 11 12 | 12.7
Polearms       | 8 10 11 12 13 14 15 16 | 16.1
Dodging        | 5 8 9 10 12 | 12.5
Shields        | 2 5 6 7 9 |  9.2
Invocations    | 2 3 6 7 8 9 10 | 10.0
Throwing       | 4 |  4.9

Action                   |  1- 3 |  4- 6 |  7- 9 | 10-12 || total
-------------------------+-------+-------+-------+-------++-------
Melee: Lance             |     2 |    22 |    38 |    16 ||    78
Throw: Throwing net      |       |     1 |     1 |       ||     2
Invok: Summon Divine War |       |       |       |     1 ||     1
  Use: Potion            |     1 |     3 |     7 |       ||    11
Armor: Leather armour    |       |       |     1 |       ||     1
       Ring mail         |       |       |       |     2 ||     2
Dodge: Dodged            |       |     3 |    16 |     6 ||    25
Block: Shield            |       |    11 |    23 |     4 ||    38

Table legend:
 A = Non-vault XP
 B = Vault XP
 C = Vault XP percentage of total XP
 D = Non-vault monster count
 E = Vault monster count
 F = Vault count percentage of total count
                 A         B        C        D         E       F
            +---------+---------+-------+---------+---------+-------
      Total |       0 |    5408 | 100.0 |       0 |      18 | 100.0
            +---------+---------+-------+---------+---------+-------
          D |       0 |    5408 | 100.0 |       0 |      18 | 100.0
            +---------+---------+-------+---------+---------+-------
